AoeStats
← KOSOVAR

Arena

507321792Analyzed
4v4 RM · 16d ago on Sep 17, 2026· 59m 27s· 8 players
Game mode
Random Map
Map size
Large (8 player)
Population
200
Speed
Normal
Resources
Standard
Victory
Conquest
Starting age
Dark Age
Ending age
Imperial Age
RankedLock teamsTeams togetherTeam positionsShared explorationLock speedFull tech treeHidden civsTurbo modeCheats
Victory
Defeat
🇨🇳 Khmer · China
725
+25
🇨🇳 Tupi · China
690
+23
🇪🇸 Mongols · Spain
689
+12
🇲🇽 Aztecs · Mexico
665
+13
🇦🇺 Spanish · Australia
674
-15
🇬🇧 Malay · United Kingdom
665
-14
🇺🇸 Magyars · United States
617
-12
🇬🇧 Inca · United Kingdom
412
-6
Leggy Mountbatten
0:29 Loom
10:48 Feudal Age
11:12 Horse Collar
11:23 Gold Mining
19:20 Castle Age
17:32 Double-Bit Axe
18:16 Stone Mining
19:47 Arson
20:39 Heavy Plow
23:52 Squires
26:48 Bow Saw
27:15 Gold Shaft Mining
26:49 Town Watch
27:14 Pikeman
adz0615
11:07 Feudal Age
11:45 Double-Bit Axe
18:00 Castle Age
16:41 Stone Mining
17:59 Crossbowman
23:14 Thumb Ring
31:35 Gold Mining
31:56 Bow Saw
33:22 Gold Shaft Mining
34:35 Pikeman
35:16 Squires
35:02 Arson
38:43 Imperial Age
37:29 Arbalester
38:21 Halberdier
38:26 Capped Ram
41:11 Fletching
41:21 Padded Archer Armor
41:32 Forging
41:58 Conscription
43:04 Caravan
44:48 Forced Levy
45:57 Man-at-Arms
46:55 Long Swordsman
47:39 Horse Collar
50:23 Chemistry
49:04 Treadmill Crane
48:49 Two-Handed Swordsman
51:21 Bodkin Arrow
51:42 Leather Archer Armor
Enma Ai7591
12:36 Feudal Age
16:39 Castle Age
15:23 Double-Bit Axe
15:20 Horse Collar
19:23 Heavy Plow
20:39 Wheelbarrow
20:33 Stone Mining
22:04 Bow Saw
23:32 Hand Cart
25:10 Gold Mining
28:03 Corvinian Army
31:13 Imperial Age
29:49 Scale Barding Armor
29:45 Scale Mail Armor
32:35 Crop Rotation
33:08 Two-Man Saw
32:46 Gold Shaft Mining
32:36 Chain Barding Armor
32:31 Chain Mail Armor
32:48 Conscription
40:57 Elite Magyar Huszar
42:16 Plate Barding Armor
41:45 Husbandry
41:55 Bloodlines
DetectiveHolt
10:20 Feudal Age
19:33 Castle Age
22:07 Double-Bit Axe
23:54 Stone Mining
KOSOVAR
6:51 Loom
10:13 Feudal Age
17:25 Double-Bit Axe
20:22 Castle Age
18:34 Horse Collar
19:33 Stone Mining
19:45 Gold Mining
21:53 Heavy Plow
23:53 Wheelbarrow
27:43 Hand Cart
32:54 Imperial Age
31:00 Ballistics
31:47 Fletching
31:57 Padded Archer Armor
32:04 Scale Barding Armor
32:15 Bloodlines
32:06 Husbandry
33:12 Bow Saw
33:57 Conscription
33:59 Drill
33:51 Elite Mangudai
36:30 Chemistry
35:51 Leather Archer Armor
36:55 Siege Engineers
38:04 Onager
38:51 Bodkin Arrow
39:17 Chain Barding Armor
40:22 Bracer
41:11 Siege Onager
43:03 Gold Shaft Mining
42:29 Murder Holes
北风
0:38 Loom
12:17 Feudal Age
13:19 Double-Bit Axe
14:38 Wheelbarrow
14:12 Horse Collar
14:49 Gold Mining
17:25 Champi Runner
17:50 Arson
18:10 Stone Mining
23:58 Castle Age
22:17 Forging
22:08 Scale Mail Armor
22:09 Padded Archer Armor
25:03 Heavy Plow
25:13 Bow Saw
25:41 Gold Shaft Mining
26:13 Squires
25:33 Champi Warrior
25:34 Pikeman
25:39 Crossbowman
25:41 Elite Skirmisher
34:28 Caravan
35:35 Fletching
36:20 Iron Casting
36:00 Chain Mail Armor
36:01 Leather Archer Armor
36:51 Hand Cart
42:34 Bodkin Arrow
44:34 Murder Holes
44:59 Ballistics
44:30 Guard Tower
44:21 Treadmill Crane
45:20 Caciques
47:58 Imperial Age
48:08 Elite Ibirapema Warrior
48:10 Elite Champi Warrior
50:35 Heavy Scorpion
50:42 Elite Blackwood Archer
51:58 Hoardings
55:31 Halberdier
56:15 Bracer
56:50 Curare
AYW
13:28 Feudal Age
15:51 Wheelbarrow
15:46 Horse Collar
15:56 Double-Bit Axe
17:24 Stone Mining
19:07 Gold Mining
22:20 Castle Age
26:20 Hand Cart
31:04 Caravan
36:10 Imperial Age
33:47 Tusk Swords
36:20 Onager
44:56 Onager
49:28 Masonry
49:13 Murder Holes
49:29 Fortified Wall
49:40 Ballistics
50:21 Chemistry
49:28 Siege Engineers
49:32 Scale Barding Armor
49:27 Scale Mail Armor
49:38 Forging
49:19 Fletching
49:29 Padded Archer Armor
49:54 Heavy Plow
50:31 Stone Shaft Mining
57:20 Chain Barding Armor
pjanic1520
9:14 Loom
12:44 Feudal Age
19:01 Castle Age
18:21 Double-Bit Axe
18:17 Horse Collar
18:36 Gold Mining
19:11 Town Watch
21:58 Wheelbarrow
33:20 Heavy Plow
33:37 Forging
33:28 Scale Mail Armor
36:16 Eagle Warrior
Connection lost

Rejoining the realm…

Still unreachable

The connection could not be restored.

Session expired

The server has moved on; the page needs a fresh start.